 Dungeon Crawl Stone Soup version 0.29-a0-997-gf6f7e2dfe7 (webtiles) character file.

Game seed: 14800393816954513271

2219 kae the Arsonist (level 9, -2/52 HPs)
             Began as a Deep Elf Fire Elementalist on Aug 4, 2022.
             Was a Follower of Vehumet.
             Slain by an orc warrior
             ... wielding a +0 scimitar
              (22 damage)
             ... on level 7 of the Dungeon.
             The game lasted 00:04:44 (7277 turns).

kae the Arsonist (Deep Elf Fire Elementalist)       Turns: 7277, Time: 00:04:44

Health: -2/52      AC:  3    Str: 10    XL:     9   Next: 13%
Magic:  0/21       EV: 12    Int: 25    God:    Vehumet [*.....]
Gold:   368        SH:  0    Dex: 18    Spells: 8/21 levels left

rFire   + . .      SeeInvis .   u - +5 spear "Ciriditi" {venom, Fly rF+ rN++}
rCold   . . .      Faith    .   (no shield)
rNeg    + + .      Spirit   +   w - +0 leather armour of Soyth {Str+5 Dex+3 Slay-2}
rPois   .          Reflect  .   (no helmet)
rElec   .          Harm     .   (no cloak)
rCorr   .          Rampage  .   (no gloves)
Will    .....                   (no boots)
Stlth   ++........              G - amulet of guardian spirit
HPRegen 0.17/turn               Y - +4 ring of slaying
MPRegen 0.17/turn               L - ring of flight

@: flying
A: no striking features
a: Renounce Religion


You were on level 7 of the Dungeon.
You worshipped Vehumet.
Vehumet was aware of your devotion.
You visited 2 branches of the dungeon, and saw 8 of its levels.

You collected 536 gold pieces.
You spent 168 gold pieces at shops.


   Skills:
 + Level 3.6 Fighting
 - Level 2.4 Dodging
 - Level 2.4 Stealth
 + Level 6.7 Spellcasting
 * Level 7.5 Conjurations
 * Level 4.0 Hexes
 * Level 8.1 Fire Magic


You had 8 spell levels left.
You knew the following spells:

 Your Spells              Type           Power      Damage    Failure   Level
a - Foxfire               Conj/Fire      100%       2x1d9     1%          1
b - Scorch                Fire           98%        2d10      1%          2
c - Conjure Flame         Conj/Fire      47%        6-21      1%          3
d - Inner Flame           Hex/Fire       39%        N/A       2%          3
e - Flame Wave            Conj/Fire      47%        2d12      3%          4

Your spell library contained the following spells:

 Spells                   Type           Power      Damage    Failure   Level
 Magic Dart               Conj           100%       1d8       1%          1
 Beastly Appendage        Tmut           16%        N/A       10%         1
 Wereblood                Tmut           8%         N/A       14%         2
 Spider Form              Tmut/Pois      8%         N/A       28%         3
 Chain Lightning          Conj/Air       13%        3d18      100%        9
 Fire Storm               Conj/Fire      23%        8d6       100%        9
 Shatter                  Erth           4%         3d7*      100%        9

Inventory:

Hand Weapons
 e - a +2 short sword of flaming
   (You took it off a kobold on level 1 of the Dungeon)
 u - the +5 spear "Ciriditi" (weapon) {venom, Fly rF+ rN++}
   (You took it off an orc on level 5 of the Dungeon)

   It poisons the flesh of those it strikes.
   rF:        It protects you from fire.
   rN:        It greatly protects you from negative energy.
   Fly:       It grants you flight.
Missiles
 f - 65 stones
 y - 3 poisoned darts
Armour
 a - a +0 robe
 w - the +0 leather armour of Soyth (worn) {Str+5 Dex+3 Slay-2}
   (You found it on level 6 of the Dungeon)

   Str:       It affects your strength (+5).
   Dex:       It affects your dexterity (+3).
   Slay:      It affects your accuracy & damage with ranged weapons and melee
   (-2).
Magical Staves
 l - a staff of earth {!a}
   (You found it on level 2 of the Dungeon)
Jewellery
 j - an amulet of reflection
   (You found it on level 2 of the Dungeon)
 G - an amulet of guardian spirit (around neck)
   (You found it on level 3 of the Dungeon)
 L - a ring of flight (right hand)
   (You found it on level 3 of the Dungeon)
 Y - a +4 ring of slaying (left hand)
   (You found it on level 2 of the Dungeon)
Wands
 p - a wand of roots (11)
   (You found it on level 3 of the Dungeon)
 x - a wand of flame (13)
   (You found it on level 6 of the Dungeon)
Scrolls
 d - 3 scrolls of teleportation {@r4}
 q - 2 scrolls of blinking {!r}
 t - a scroll of immolation {!r!r}
Potions
 b - a potion of magic
 c - a potion of cancellation
 g - 2 potions of curing {@q1}
 h - 4 potions of heal wounds {@q2}
 i - a potion of invisibility
 k - 3 potions of ambrosia
 m - a potion of flight
 n - a potion of haste {unknown}
 o - 3 potions of might
 r - a potion of degeneration {unknown}

Dungeon Overview and Level Annotations

Branches:
Dungeon (7/15) Zot: 26790  Temple (1/1) D:5 Zot: 5753

Altars:
Ashenzari
Cheibriados
Elyvilon
Fedhas
Gozag
Hepliaklqana
Kikubaaqudgha
Makhleb
Nemelex Xobeh
Okawaru
Sif Muna
Trog
Uskayaw
Vehumet
Wu Jian
Xom
Yredelemnul
Zin
The Shining One

Shops:
D:3 !

Annotations:
D:3 1 runed translucent door, Crazy Yiuf
D:6 1 runed translucent door, wilfster70's ghost, novice OgBe

#..........# .##....
#..........###.......
##...................
#####.....[####.##....
#..........###..# .
....####o#####...## # ##
#..##...######.## ..###
##o##.##......... . ...##
#@.#.#..###.....
#.##...#######....#.####.....
................##..........#
#...................########
#..............#.##.#
#####.....)......##.###
#......).)........# ####
#####.##...^.#..#.########
...########.####.....##.........


You could see an orc warrior and an orc.


Message History

h - 5 potions of heal wounds {@q2} (gained 1)
You now have 368 gold pieces (gained 18).
As you open the door, it creaks loudly!
Found a hazy altar of Hepliaklqana.
There is an open door here.
There is an open door here.
You see here a +0 scale mail.
An orc, an orc priest and a bullfrog come into view.
There are monsters nearby!
There are monsters nearby!
There are monsters nearby!
There are monsters nearby!
Casting: Foxfire (safe; 1% risk of failure)
Confirm with . or Enter, or press ? or * to list all spells.
You conjure some foxfire! 😎 MP[-1]
You lost 1 mp, and now have 20/21 mp.
Casting: Foxfire (safe; 1% risk of failure)
Confirm with . or Enter, or press ? or * to list all spells.
You conjure some foxfire!
The bullfrog croaks.
The foxfire hits the bullfrog.
The foxfire hits the orc priest!
The foxfire hits the orc priest. x2
You kill the orc priest!
Vehumet accepts your kill. 😎 HP[+1] MP[-1]
You now have 52 max hp (+1).
Your hp is fully restored (52).
You lost 1 mp, and now have 19/21 mp.
Casting: Foxfire (safe; 1% risk of failure)
Confirm with . or Enter, or press ? or * to list all spells.
You conjure some foxfire!
An orc warrior comes into view. It is wielding a +0 scimitar.
The foxfire hits the bullfrog.
The foxfire hits the bullfrog!
The bullfrog swells and bulges.
Casting: Foxfire (safe; 1% risk of failure)
Confirm with . or Enter, or press ? or * to list all spells.
You conjure some foxfire!
The bullfrog closely misses you. The bullfrog barely misses you.
The foxfire hits the orc. x2
You kill the orc!
Vehumet accepts your kill. The bullfrog hits you. 😕 HP[-3] MP[-2]
You take 3 damage, and now have 49/52 hp.
You lost 2 mp, and now have 17/21 mp.
Casting: Foxfire (safe; 1% risk of failure)
Confirm with . or Enter, or press ? or * to list all spells.
You conjure some foxfire!
The bullfrog hits you. x2
The foxfire hits the bullfrog.
The foxfire hits the bullfrog!
You kill the bullfrog!
Vehumet accepts your kill.
Your Hexes skill increases to level 4! 😕 HP[-6] MP[-4]
You take 6 damage, and now have 43/52 hp.
You lost 4 mp, and now have 13/21 mp.
Casting: Foxfire (safe; 1% risk of failure)
Confirm with . or Enter, or press ? or * to list all spells.
Flames lash the orc warrior.
The orc warrior's fire resistance burns away.
You hear a shout!
An orc comes into view. It is wielding a +0 trident.
The orc warrior hits you with a +0 scimitar! 😮 HP[-7] MP[-3]
You take 7 damage, and now have 36/52 hp.
You lost 3 mp, and now have 10/21 mp.
Casting: Scorch (safe; 1% risk of failure)
Confirm with . or Enter, or press ? or * to list all spells.
Flames lash the orc warrior.
The orc warrior is burned terribly!
The orc warrior hits you with a +0 scimitar!
The orc warrior hits you with a +0 scimitar!
* * * LOW HITPOINT WARNING * * *
😨 HP[-18] MP[-7]
You take 18 damage, and now have 18/52 hp.
MASSIVE DAMAGE!! (PAUSE)
You lost 7 mp, and now have 3/21 mp.
Casting: Scorch (safe; 1% risk of failure)
Confirm with . or Enter, or press ? or * to list all spells.
You don't have enough magic to cast this spell.
Unknown command. 😨 MP[+1]
The orc warrior attacks as you move away!
The orc warrior hits you with a +0 scimitar!
* * * LOW HITPOINT WARNING * * *
😱 HP[-11] MP[-3]
You take 11 damage, and now have 7/52 hp.
MASSIVE DAMAGE!! (PAUSE)
You lost 3 mp, and now have 1/21 mp.
You feel much better.
The orc warrior is no longer more vulnerable to fire. 😮 HP[+22]
You regained 22 hp, and now have 29/52 hp.
Okay, then.
The orc warrior hits you with a +0 scimitar!
* * * LOW HITPOINT WARNING * * *
😨 HP[-9] MP[-1]
You take 9 damage, and now have 20/52 hp.
You lost 1 mp, and now have 0/21 mp.
The orc warrior attacks as you move away!
The orc warrior hits you with a +0 scimitar!!
You die...

Skill      XL: |  1  2  3  4  5  6  7  8  9 |
---------------+----------------------------+-----
Conjurations   | 2 3 4 5 7 |  7.5
Fire Magic     | 4 5 6 7 8 |  8.1
Fighting       | 1 2 3 |  3.6
Spellcasting   | 4 5 6 |  6.7
Hexes          | 3 4 |  4.0
Dodging        | |  2.4
Stealth        | |  2.4

Action                   |  1- 3 |  4- 6 |  7- 9 || total
-------------------------+-------+-------+-------++-------
Melee: Short sword       |       |     1 |     8 ||     9
       Punch             |       |       |     1 ||     1
 Cast: Foxfire           |    65 |   104 |    88 ||   257
       Scorch            |     6 |    11 |    28 ||    45
       Conjure Flame     |       |       |     1 ||     1
       Flame Wave        |       |       |     1 ||     1
  Use: Scroll            |     2 |     8 |     5 ||    15
       Potion            |       |       |     2 ||     2
Armor: Robe              |     1 |     1 |     6 ||     8
Dodge: Dodged            |     7 |    13 |    31 ||    51
Block: Other             |       |     1 |       ||     1

Levels and vault maps discovered:
D:1:      ebering_hopf_link, layout_basic
D:2:      layout_loops_ring, hellmonk_ecumenical_altar_leap_of_faith,
          uniq_terence
D:3:      minmay_chambers_of_twos, layout_loops_ring, elyvilon_altar_3,
          serial_shops, shop_fountains, minmay_misc_feat_five,
          chequers_serial_rivers_micro_c, grunt_ministairs_6,
          uniq_crazy_yiuf_cottage
D:4:      layout_gridville, minmay_misc_feat_tiny, hangedman_decor_lopped,
          kennysheep_generic_room_13
D:5:      layout_loops_ring, minmay_temple_entry_ruins
D:6:      layout_basic, ebering_ghost_reflecting_pool
D:7:      layout_rooms, mainiacjoe_overflow_surrounded_room, uniq_maggie
Temple:   minmay_crystal_spiral_temple

Notes
Turn   | Place    | Note
-------+----------+-------------------------------------------
     0 | D:1      | kae the Deep Elf Fire Elementalist began the quest for the
                  | Orb.
     0 | D:1      | Reached XP level 1. HP: 10/10 MP: 6/6
     0 | D:1      | magus.rc [v1.11.3]
   151 | D:1      | Reached XP level 2. HP: 15/15 MP: 6/8
   213 | D:1      | Learned a level 2 spell: Scorch
   581 | D:1      | Reached skill level 2 in Conjurations
  1072 | D:2      | Reached XP level 3. HP: 20/20 MP: 6/9
  1456 | D:2      | Noticed Terence
  1466 | D:2      | Killed Terence
  1467 | D:2      | Reached skill level 4 in Fire Magic
  1467 | D:2      | Reached XP level 4. HP: 23/24 MP: 3/11
  1614 | D:2      | Reached skill level 1 in Fighting
  1906 | D:2      | Found a faded altar of an unknown god.
  1992 | D:3      | Noticed a necrophage
  2001 | D:2      | Killed a necrophage
  2002 | D:2      | Reached skill level 3 in Conjurations
  2038 | D:3      | Reached XP level 5. HP: 29/29 MP: 9/12
  2049 | D:3      | You pick up a book of Changes and begin reading...
  2049 | D:3      | You add the spells Beastly Appendage, Wereblood and Spider
                  | Form to your library.
  2103 | D:3      | Found a white marble altar of Elyvilon.
  2356 | D:3      | Found Runn's Distillery.
  2361 | D:3      | Reached skill level 4 in Spellcasting
  2411 | D:3      | Bought a potion of heal wounds for 70 gold pieces
  2411 | D:3      | Bought a potion of might for 56 gold pieces
  2411 | D:3      | Bought a potion of curing for 42 gold pieces
  3037 | D:3      | Found a runed translucent door.
  3038 | D:3      | Noticed Crazy Yiuf
  3330 | D:4      | Reached skill level 5 in Fire Magic
  3415 | D:4      | Reached skill level 4 in Conjurations
  3415 | D:4      | Reached XP level 6. HP: 34/34 MP: 10/14
  4162 | D:5      | Entered Level 5 of the Dungeon
  4269 | D:5      | Reached skill level 2 in Fighting
  4349 | D:5      | Noticed a water moccasin
  4353 | D:5      | Reached XP level 7. HP: 36/40 MP: 10/16
  4359 | D:5      | Reached skill level 5 in Spellcasting
  4359 | D:5      | Reached skill level 5 in Conjurations
  4671 | D:5      | Found a staircase to the Ecumenical Temple.
  4698 | D:5      | Reached skill level 6 in Fire Magic
  4701 | Temple   | Entered the Ecumenical Temple
  4922 | Temple   | Became a worshipper of Vehumet
  4958 | D:5      | You pick up a book of Annihilations and begin reading...
  4958 | D:5      | You add the spells Chain Lightning, Fire Storm and Shatter
                  | to your library.
  5438 | D:5      | Reached XP level 8. HP: 39/45 MP: 12/18
  5574 | D:5      | Identified the +5 spear "Ciriditi" {venom, Fly rF+ rN++}
  5590 | D:5      | HP: 11/45 [poisoned by an orc]
  5591 | D:5      | HP: 4/45 [poisoned by an orc]
  5597 | D:5      | HP: 7/45 [orc wizard/magic dart (3)]
  5601 | D:5      | Reached skill level 6 in Conjurations
  6094 | D:6      | Reached skill level 7 in Fire Magic
  6101 | D:6      | Reached skill level 3 in Fighting
  6105 | D:6      | Noticed a two-headed ogre
  6163 | D:6      | Reached skill level 6 in Spellcasting
  6277 | D:6      | Reached * piety under Vehumet
  6277 | D:6      | Offered knowledge of Magic Dart by Vehumet.
  6282 | D:6      | Learned a level 3 spell: Conjure Flame
  6286 | D:6      | Learned a level 3 spell: Inner Flame
  6291 | D:6      | Learned a level 4 spell: Flame Wave
  6322 | D:6      | Found a runed translucent door.
  6323 | D:6      | Noticed wilfster70's ghost (novice OgBe)
  6332 | D:6      | Identified the +0 leather armour of Soyth {Str+5 Dex+3
                  | Slay-2}
  6921 | D:6      | Killed a two-headed ogre
  6922 | D:6      | Reached skill level 7 in Conjurations
  6922 | D:6      | Reached skill level 3 in Hexes
  6922 | D:6      | Reached XP level 9. HP: 51/51 MP: 7/20
  7080 | D:7      | Reached skill level 8 in Fire Magic
  7202 | D:7      | Found a hazy altar of Hepliaklqana.
  7265 | D:7      | Reached skill level 4 in Hexes
  7273 | D:7      | HP: 6/52 [orc warrior/+0 scimitar (12)]
  7277 | D:7      | Slain by an orc warrior

Vanquished Creatures
  A two-headed ogre (D:6)
  2 water moccasins (D:5)
  2 ogres
  A phantom (D:5)
  A bullfrog (D:7)
  3 necrophages
  2 scorpions
  3 wights (D:7)
  2 howler monkeys
  3 jellies
  3 orc priests
  3 hounds (D:6)
  3 iguanas
  2 orc wizards (D:5)
  Terence (D:2)
  3 adders
  A white imp (D:6)
  2 ufetubi
  3 worms
  4 dart slugs
  14 orcs
  14 ball pythons
  5 bats
  10 endoplasms
  A giant cockroach (D:3)
  5 goblins
  5 hobgoblins
  7 jackals
  2 kobolds (D:1)
  2 quokkas (D:1)
  3 frilled lizards
  9 rats
122 creatures vanquished.

Vanquished Creatures (others)
  423 foxfires
423 creatures vanquished.

Grand Total: 545 creatures vanquished

Table legend:
 A = Non-vault XP
 B = Vault XP
 C = Vault XP percentage of total XP
 D = Non-vault monster count
 E = Vault monster count
 F = Vault count percentage of total count
                 A         B        C        D         E       F
            +---------+---------+-------+---------+---------+-------
      Total |    3020 |     150 |   4.7 |     111 |      11 |   9.0
            +---------+---------+-------+---------+---------+-------
        D:1 |      39 |       0 |   0.0 |      21 |       0 |   0.0
        D:2 |      35 |     120 |  77.4 |      17 |       2 |  10.5
        D:3 |      64 |      30 |  31.9 |      11 |       9 |  45.0
        D:4 |     256 |       0 |   0.0 |      18 |       0 |   0.0
        D:5 |    1076 |       0 |   0.0 |      29 |       0 |   0.0
        D:6 |    1196 |       0 |   0.0 |       9 |       0 |   0.0
        D:7 |     354 |       0 |   0.0 |       6 |       0 |   0.0
            +---------+---------+-------+---------+---------+-------

Illustrated notes

Table legend:
 A = Kills in this place as a percentage of kills in entire the game.
 B = Kills by you in this place as a percentage of kills by you in the entire game.
 C = Kills by friends in this place as a percentage of kills by friends in the entire game.
 D = Other kills in this place as a percentage of other kills in the entire game.
 E = Experience gained in this place as a percentage of experience gained in the entire game.
 F = Experience gained in this place divided by the number of levels of this place that you have seen.
                   A       B       C       D       E      F
               +-------+-------+-------+-------+-------+----------------------
         Total | 100.0 | 100.0 |   N/A |   N/A | 100.0 | 396.2
       Dungeon | 100.0 | 100.0 |   N/A |   N/A | 100.0 | 452.9
               +-------+-------+-------+-------+-------+----------------------

Table legend: (Time is in decaauts)
 A = Elapsed time spent in this place.
 B = Non-inter-level travel time spent in this place.
 C = Inter-level travel time spent in this place.
 D = Time resting spent in this place.
 E = Time spent auto-exploring this place.
 F = Levels seen in this place.
 G = Mean time per level.
                   A        B        C        D        E       F      G
               +--------+--------+--------+--------+--------+-----+--------+
         Total |   7277 |   6980 |    297 |    131 |   5871 |   8 |  909.6 |
       Dungeon |   7031 |   6820 |    211 |    131 |   5727 |   7 | 1004.4 |
        Temple |    246 |    161 |     85 |      0 |    144 |   1 |  246.0 |
               +--------+--------+--------+--------+--------+-----+--------+

Top non-repeatable levels by time:
     D:5: 1745 daAuts
     D:4: 1090 daAuts
     D:1: 1064 daAuts
     D:3: 1044 daAuts
     D:2: 961 daAuts
     D:6: 914 daAuts
  Temple: 246 daAuts
     D:7: 209 daAuts
